 Dungeon Crawl Stone Soup version 0.29-a0-810-g3812dd5c9c (webtiles) character file.

Game seed: 2414551034467375957

57340 Morbidden the Cleaver (level 14, 0/106 HPs)
             Began as a Demonspawn Fighter on July 4, 2022.
             Was the Champion of Cheibriados.
             Killed from afar by a catoblepas (1 damage)
             ... with a blast of calcifying dust
             ... while petrified by a catoblepas
             ... on level 6 of the Lair of Beasts.
             The game lasted 00:25:07 (19699 turns).

Morbidden the Cleaver (Demonspawn Fighter)         Turns: 19699, Time: 00:25:08

Health: 0/106      AC: 19    Str: 33    XL:     14   Next: 45%
Magic:  0/32       EV:  2    Int: 27    God:    Cheibriados [******]
Gold:   1625       SH:  0    Dex: 29    Spells: 14/25 levels left

rFire   . . .      SeeInvis .   a - +6 broad axe (drain)
rCold   . . .      Faith    .   c - +0 buckler
rNeg    + + +      Spirit   +   C - +0 plate armour
rPois   ∞          Reflect  .   (helmet restricted)
rElec   +          Harm     .   S - +2 cloak of Nemelex Xobeh's Hope {rElec Str+2 Int-2 Slay+3}
rCorr   .          Rampage  .   Z - +0 pair of gloves
Will    ++++.      Clarity  +   k - +0 pair of boots
Stlth   ..........              R - amulet of the Four Winds {rN+ Will+++ Clar}
HPRegen 0.27/turn               o - +4 ring of slaying
MPRegen 0.46/turn               A - ring of magical power

@: petrified, studying Maces & Flails, very slow
A: horns 2, repulsion field 2, powered by death 3, magic shield, magic
regeneration
a: Renounce Religion, Bend Time, Temporal Distortion, Slouch, Step From Time


You were on level 6 of the Lair of Beasts.
You worshipped Cheibriados.
Cheibriados was exalted by your worship.
You visited 2 branches of the dungeon, and saw 18 of its levels.
You also visited: Gauntlet.

You collected 1690 gold pieces.
You spent 65 gold pieces at shops.

Inventory:

Hand Weapons
 a - a +6 broad axe of draining (weapon)
 b - a +0 morningstar
Missiles
 r - 32 boomerangs (quivered)
 E - a throwing net
 G - 5 silver javelins
 T - 4 curare-tipped darts
Armour
 c - a +0 buckler (worn)
 k - a +0 pair of boots (worn)
 q - a +2 cloak of preservation
 C - a +0 plate armour (worn)
 S - the +2 cloak of Nemelex Xobeh's Hope (worn) {rElec Str+2 Int-2 Slay+3}
   (You found it in a Gauntlet)

   Str:       It affects your strength (+2).
   Int:       It affects your intelligence (-2).
   Slay:      It affects your accuracy & damage with ranged weapons and melee
   (+3).
   rElec:     It insulates you from electricity.
 Z - a +0 pair of gloves (worn)
Jewellery
 e - a ring of protection from fire
 o - a +4 ring of slaying (left hand)
 w - a ring of willpower
 A - a ring of magical power (right hand)
 J - a +6 ring of strength
 Q - a ring of ice
 R - the amulet of the Four Winds (around neck) {rN+ Will+++ Clar}
   (You found it in a Gauntlet)

   [amulet of nothing]

   rN:        It protects you from negative energy.
   Clar:      It protects you against confusion.
   Will:      It greatly increases your willpower.
Wands
 u - a wand of flame (65)
 I - a wand of light (16)
 M - a wand of digging (3)
 U - a wand of charming (4)
 V - a wand of mindburst (7)
 X - a wand of iceblast (13)
Scrolls
 f - 7 scrolls of teleportation
 i - 2 scrolls of enchant weapon
 m - 2 scrolls of enchant armour
 x - 4 scrolls of magic mapping
 y - 3 scrolls of vulnerability
 z - 2 scrolls of torment
 D - 3 scrolls of poison
 F - a scroll of summoning {unknown}
 K - 11 scrolls of identify
 L - 4 scrolls of immolation
 O - 2 scrolls of blinking
 P - a scroll of fog
 Y - a scroll of fear
Potions
 d - 3 potions of might
 g - 2 potions of lignification {unknown}
 h - 11 potions of curing
 j - 2 potions of attraction {unknown}
 l - 2 potions of cancellation
 n - 8 potions of heal wounds
 p - 2 potions of flight {unknown}
 s - 3 potions of resistance {unknown}
 t - 4 potions of mutation {unknown}
 v - 2 potions of magic {unknown}
 B - 3 potions of brilliance
 H - 7 potions of haste
 N - a potion of berserk rage
Miscellaneous
 W - a condenser vane


   Skills:
 * Level 8.5 Fighting
 * Level 12.7(13.5) Axes
 * Level 7.7(11.2) Maces & Flails
 + Level 1.5 Throwing
 + Level 7.5 Armour
 * Level 6.4 Dodging
 + Level 2.0 Stealth
 + Level 6.4 Shields
 * Level 6.0 Spellcasting
 * Level 6.8 Conjurations
 * Level 3.3 Translocations
 * Level 5.2 Fire Magic
 * Level 9.3 Invocations
 * Level 6.5 Evocations


You had 14 spell levels left.
You knew the following spells:

 Your Spells              Type           Power      Damage    Failure   Level
a - Foxfire               Conj/Fire      100%       2x1d9     4%          1
b - Manifold Assault      Tloc           26%        N/A       99%         5
c - Fireball              Conj/Fire      20%        3d10      80%         5

Your spell library contained the following spells:

 Spells                   Type           Power      Damage    Failure   Level
 Magic Dart               Conj           100%       1d8       3%          1
 Conjure Flame            Conj/Fire      40%        6-21      14%         3
 Blink                    Tloc           52%        N/A       22%         2
 Gell's Gravitas          Tloc           26%        N/A       41%         3
 Lesser Beckoning         Tloc           26%        N/A       41%         3
 Teleport Other           Tloc           26%        N/A       41%         3
 Flame Wave               Conj/Fire      40%        2d9       43%         4
 Necrotise                Necr           32%        1d5       50%         1
 Summon Small Mammal      Summ           32%        N/A       50%         1
 Inner Flame              Hex/Fire       22%        N/A       52%         3
 Mephitic Cloud           Conj/Pois/Air  20%        N/A       56%         3
 Call Imp                 Summ           8%         N/A       65%         2
 Poisonous Vapours        Pois/Air       16%        N/A       65%         2
 Portal Projectile        Hex/Tloc       34%        N/A       65%         3
 Passage of Golubria      Tloc           26%        N/A       82%         4
 Call Canine Familiar     Summ           8%         N/A       86%         3
 Summon Guardian Golem    Hex/Summ       8%         N/A       86%         3
 Tukima's Dance           Hex            8%         N/A       86%         3
 Vampiric Draining        Necr           8%         2d6       86%         3
 Corpse Rot               Necr/Pois/Air  8%         N/A       99%         4
 Leda's Liquefaction      Hex/Erth       4%         N/A       99%         4
 Freezing Cloud           Conj/Ice/Air   10%        6-21      99%         5
 Agony                    Necr           8%         N/A       100%        5
 Yara's Violent Unravell  Hex/Tmut       4%         3d4       100%        5
 Simulacrum               Ice/Necr       4%         N/A       100%        6
 Starburst                Conj/Fire      20%        6d7       100%        6
 Ignition                 Fire           18%        3d7       100%        8
 Polar Vortex             Ice            4%         N/A       100%        9


Dungeon Overview and Level Annotations

Branches:
Dungeon (12/15)            Temple (0/1) D:7            Lair (6/6) D:8
 Shoals (0/4) Lair:2       Spider (0/4) Lair:4        Slime (0/5) Lair:6
    Orc (0/2) D:12        Gauntlet (visited)

Altars:
Cheibriados
Hepliaklqana
Nemelex Xobeh
Okawaru
Qazlal
Trog
Uskayaw
Xom
Jiyva

Shops:
D:2 !

Annotations:
Lair:6 1 runed translucent door


Innate Abilities, Weirdness & Mutations

You have a pair of horns on your head.
You are surrounded by a moderate repulsion field. (EV +3)
You regenerate a lot of health from kills.
When hurt, damage is shared between your health and your magic reserves.
You regenerate magic rapidly.


Message History

You are engulfed in calcifying dust.
The deep troll shaman bites you but does no damage.
The deep troll shaman claws you but does no damage. x2
You are engulfed in calcifying dust.
The deep troll shaman bites you but does no damage.
The deep troll shaman claws you!
* * * LOW HITPOINT WARNING * * *
The deep troll shaman barely misses you.
The catoblepas gores you!
* * * LOW HITPOINT WARNING * * *
You are engulfed in calcifying dust.
The deep troll shaman completely misses you.
The deep troll shaman claws you but does no damage.
The deep troll shaman claws you.
* * * LOW HITPOINT WARNING * * *
The catoblepas gores you but does no damage.
The death yak is engulfed in calcifying dust.
The death yak is moving more slowly.
The death yak gores you but does no damage.
The deep troll shaman bites you but does no damage.
The deep troll shaman claws you but does no damage. x2
The catoblepas gores you but does no damage.
The death yak gores you but does no damage.
The deep troll shaman bites you!
* * * LOW HITPOINT WARNING * * *
The deep troll shaman claws you but does no damage.
The deep troll shaman claws you.
* * * LOW HITPOINT WARNING * * *
The death yak gores you.
* * * LOW HITPOINT WARNING * * *
The catoblepas breathes a plume of calcifying dust at you.
The blast of calcifying dust hits you but does no damage.
You are engulfed in calcifying dust.
The deep troll shaman bites you!
* * * LOW HITPOINT WARNING * * *
The deep troll shaman claws you but does no damage. x2
The death yak gores you!!
* * * LOW HITPOINT WARNING * * *
The catoblepas breathes a plume of calcifying dust at you.
The blast of calcifying dust hits you.
You die...

...# P.## 8...# ..#
..8.## ..# ..÷.# # ..## .
#...## .# ...# ..#
#....##.# #..##
....##.Y...#.# ##.†###
.8.....YT.k..##
.##...###..÷....@YY....#
#.#.....###.÷...###†...##
####......#######§§†.P..#
##P.÷.......§§Y##..###
##.......§P..## ###
#######§..P## ######


You could see 3 death yaks, a catoblepas, a lindwurm and a deep troll shaman.

Vanquished Creatures
  The ghost of anet the Protected, a journeyman MiBe of Trog (Lair:5)
  A minotaur (Gauntlet)
  7 hydras
  A boulder beetle (D:12)
  A centaur warrior (D:12)
  A catoblepas (Lair:5)
  17 death yaks
  A two-headed ogre (D:11)
  2 death scarabs (Gauntlet)
  Sonja (Lair:4)
  A spectral death yak (Gauntlet)
  A spectral hydra (Gauntlet)
  An orb spider (Lair:4)
  Pikel (D:4)
  A lindwurm (Lair:5)
  A deep elf pyromancer (D:11)
  A spectral boulder beetle (Gauntlet)
  An ugly thing (D:10)
  A cyclops (D:12)
  7 black mambas
  A torpor snail (Lair:6)
  2 elephants (Lair:6)
  10 cane toads
  9 komodo dragons
  3 rime drakes
  A kobold demonologist (D:11)
  6 polar bears
  3 trolls
  A hornet (D:11)
  A tyrant leech (Gauntlet)
  18 blink frogs
  6 slime creatures (D:12)
  Grinder (D:3)
  Sigmund (D:2)
  14 dream sheep
  2 wraiths
  5 wyverns
  A basilisk (Lair:4)
  39 yaks
  A vampire mosquito (D:12)
  3 swamp worms (Gauntlet)
  2 acid dragons
  Duvessa (D:4)
  14 water moccasins
  An ice beast (D:7)
  8 orc warriors
  An ogre (D:4)
  2 black bears
  2 centaurs
  10 wolves (Lair:6)
  3 lemures (D:4)
  A kobold brigand (D:6)
  2 phantoms
  14 bullfrogs
  3 scorpions
  Dowan (D:4)
  5 wights (D:8)
  5 killer bees (D:7)
  2 howler monkeys (D:12)
  6 electric eels
  2 lava snakes (Lair:4)
  A jelly (D:5)
  2 hounds (D:4)
  9 orc priests
  A gnoll bouda (D:5)
  Jessica (D:3)
  Natasha (thrice) (D:3)
  4 iguanas
  14 orc wizards
  Robin (D:4)
  7 adders
  9 gnolls
  A shadow imp (D:5)
  2 white imps (D:7)
  3 worms
  2 dart slugs (D:1)
  59 orcs
  10 endoplasms
  2 giant cockroaches
  23 goblins
  8 hobgoblins
  4 jackals
  20 kobolds
  A quokka (D:1)
  11 ball pythons
  6 bats
  3 frilled lizards (D:2)
  7 rats
476 creatures vanquished.

Vanquished Creatures (collateral kills)
  2 foxfires (Lair:6)
2 creatures vanquished.

Vanquished Creatures (others)
  102 foxfires
  28 fungi
  42 plants
172 creatures vanquished.

Grand Total: 650 creatures vanquished

Notes
Turn   | Place    | Note
-------+----------+-------------------------------------------
     0 | D:1      | Morbidden the Demonspawn Fighter began the quest for the
                  | Orb.
     0 | D:1      | Reached XP level 1. HP: 18/18 MP: 1/1
   345 | D:1      | Gained mutation: You have a pair of small horns on your
                  | head. [demonic ancestry]
   345 | D:1      | Reached XP level 2. HP: 24/24 MP: 2/2
   428 | D:1      | Reached skill level 2 in Axes
   493 | D:1      | Found a faded altar of an unknown god.
   519 | D:1      | Prayed at the altar of an unknown god.
   519 | D:1      | Became a worshipper of Cheibriados the Contemplative
   519 | D:1      | Reached * piety under Cheibriados
   814 | D:1      | Gained mutation: You are surrounded by a mild repulsion
                  | field. (EV +2) [demonic ancestry]
   814 | D:1      | Reached XP level 3. HP: 29/29 MP: 3/3
   818 | D:1      | Reached ** piety under Cheibriados
  1198 | D:2      | Noticed Sigmund
  1536 | D:2      | Killed Sigmund
  1537 | D:2      | Reached skill level 3 in Axes
  1537 | D:2      | Reached skill level 1 in Dodging
  1537 | D:2      | Reached skill level 1 in Invocations
  1537 | D:2      | Gained mutation: You have a pair of horns on your head.
                  | [demonic ancestry]
  1537 | D:2      | Reached XP level 4. HP: 36/36 MP: 3/5
  1537 | D:2      | Reached XP level 5. HP: 41/41 MP: 3/6
  1642 | D:2      | Noticed a phantom
  1657 | D:2      | Killed a phantom
  1658 | D:2      | Reached skill level 4 in Axes
  1658 | D:2      | Gained mutation: You are surrounded by a moderate repulsion
                  | field. (EV +3) [demonic ancestry]
  1658 | D:2      | Reached XP level 6. HP: 38/48 MP: 7/7
  1733 | D:2      | Found Qimyith's Distillery.
  1739 | D:2      | Bought a potion of heal wounds for 65 gold pieces
  1749 | D:2      | Reached *** piety under Cheibriados
  2110 | D:3      | Noticed Natasha
  2123 | D:3      | Killed Natasha
  2188 | D:3      | Noticed Natasha
  2198 | D:3      | Killed Natasha
  2339 | D:3      | Found a hide-covered altar of Uskayaw.
  2344 | D:3      | Found an iron altar of Okawaru.
  2454 | D:3      | Reached **** piety under Cheibriados
  2483 | D:3      | Noticed Natasha
  2489 | D:3      | Found a hazy altar of Hepliaklqana.
  2495 | D:3      | Killed Natasha
  2599 | D:3      | Noticed Grinder
  2602 | D:3      | Paralysed by Grinder for 3 turns
  2607 | D:3      | Killed Grinder
  2608 | D:3      | Reached skill level 5 in Axes
  2608 | D:3      | Reached XP level 7. HP: 39/54 MP: 9/9
  2839 | D:3      | Noticed Jessica
  2848 | D:3      | Killed Jessica
  3015 | D:3      | Found a bloodstained altar of Trog.
  3228 | D:4      | Found a shimmering altar of Xom.
  3486 | D:4      | Noticed Pikel
  3506 | D:4      | Killed Pikel
  3507 | D:4      | Reached skill level 6 in Axes
  3507 | D:4      | Reached skill level 1 in Spellcasting
  3507 | D:4      | Reached skill level 1 in Evocations
  3507 | D:4      | Gained mutation: You regenerate magic rapidly. [demonic
                  | ancestry]
  3507 | D:4      | Reached XP level 8. HP: 22/61 MP: 10/10
  3889 | D:4      | Learned a level 1 spell: Foxfire
  3934 | D:4      | Noticed Duvessa
  3934 | D:4      | Noticed Dowan
  3948 | D:4      | Killed Duvessa
  3948 | D:4      | Killed Dowan
  4074 | D:4      | Noticed Robin
  4082 | D:4      | Killed Robin
  4197 | D:4      | Reached ***** piety under Cheibriados
  4400 | D:5      | Entered Level 5 of the Dungeon
  4967 | D:5      | Reached skill level 1 in Fire Magic
  5570 | D:6      | Reached skill level 7 in Axes
  5570 | D:6      | Gained mutation: You regenerate a little health from kills.
                  | [demonic ancestry]
  5570 | D:6      | Reached XP level 9. HP: 63/66 MP: 12/12
  5660 | D:6      | Reached skill level 1 in Conjurations
  6379 | D:7      | Found a staircase to the Ecumenical Temple.
  7251 | D:8      | Reached skill level 5 in Invocations
  7261 | D:8      | Reached skill level 5 in Fighting
  7320 | D:8      | Noticed a death yak
  7320 | D:8      | Noticed a death yak
  7322 | D:8      | Noticed a death yak
  7322 | D:8      | Noticed a death yak
  7328 | D:8      | Noticed a death yak
  7328 | D:8      | Noticed a death yak
  7589 | D:8      | Reached skill level 5 in Shields
  7884 | D:9      | Identified 3 scrolls of acquirement
  7961 | D:9      | Acquired a +4 broad axe of draining
  7963 | D:9      | Acquired a manual of Maces & Flails
  7965 | D:9      | Acquired 444 gold pieces
  8791 | D:9      | Reached skill level 8 in Axes
  8791 | D:9      | Gained mutation: When hurt, damage is shared between your
                  | health and your magic reserves. [demonic ancestry]
  8791 | D:9      | Reached XP level 10. HP: 71/74 MP: 13/13
  9137 | D:8      | Killed a death yak
  9138 | D:8      | Reached skill level 1 in Maces & Flails
  9246 | D:10     | Entered Level 10 of the Dungeon
  9424 | D:10     | Noticed a cyan ugly thing
  9782 | D:10     | Killed a cyan ugly thing
  9809 | D:10     | Reached skill level 5 in Armour
 10110 | D:11     | Noticed a seven-headed hydra
 10137 | D:11     | Killed a seven-headed hydra
 10383 | D:11     | Noticed a deep elf pyromancer
 10397 | D:11     | Noticed a rust devil
 10399 | D:11     | Killed a deep elf pyromancer
 10401 | D:11     | Reached skill level 1 in Stealth
 10587 | D:11     | Noticed a two-headed ogre
 10590 | D:11     | Killed a two-headed ogre
 11031 | D:11     | Paralysed by a hornet for 3 turns
 11035 | D:11     | Reached XP level 11. HP: 54/81 MP: 15/15
 11169 | D:11     | Noticed a five-headed hydra
 11179 | D:11     | Killed a five-headed hydra
 11180 | D:11     | Reached skill level 9 in Axes
 11388 | D:12     | Reached ****** piety under Cheibriados
 11389 | D:12     | Noticed a boulder beetle
 11406 | D:12     | Killed a boulder beetle
 11411 | D:12     | Found a staircase to the Orcish Mines.
 11465 | D:12     | Found a gate leading to a gauntlet.
 11477 | Gauntlet | Entered a Gauntlet
 11477 | Gauntlet | Found a transporter.
 11487 | Gauntlet | Found a transporter.
 11489 | Gauntlet | Found a runed translucent door.
 11491 | Gauntlet | Found a transporter.
 11491 | Gauntlet | Found the amulet of the Four Winds {rN+ Will+++ Clar}
 11492 | Gauntlet | Noticed a death scarab
 11494 | Gauntlet | Found a transporter.
 11494 | Gauntlet | Noticed a death scarab
 11495 | Gauntlet | Found a transporter.
 11497 | Gauntlet | Noticed a death scarab
 11502 | Gauntlet | Noticed a death scarab
 11503 | Gauntlet | Found a transporter.
 11504 | Gauntlet | Found a transporter.
 11509 | Gauntlet | Found a transporter.
 11522 | Gauntlet | Found a transporter.
 11530 | Gauntlet | Found a transporter.
 11530 | Gauntlet | Found a transporter.
 11531 | Gauntlet | Noticed a hell hog
 11538 | Gauntlet | Found a transporter.
 11766 | Gauntlet | Killed a death scarab
 11766 | Gauntlet | Killed a death scarab
 11908 | Gauntlet | Identified the +2 cloak of Nemelex Xobeh's Hope {rElec
                  | Str+2 Int-2 Slay+3}
 11941 | Gauntlet | Noticed a minotaur
 11949 | Gauntlet | Killed a minotaur
 11950 | Gauntlet | Reached skill level 10 in Axes
 12254 | D:12     | Noticed a centaur warrior
 12260 | D:12     | Killed a centaur warrior
 12261 | D:12     | Gained mutation: You regenerate health from kills. [demonic
                  | ancestry]
 12261 | D:12     | Reached XP level 12. HP: 71/89 MP: 18/18
 12382 | D:12     | Reached skill level 5 in Evocations
 12719 | D:8      | Killed a death yak
 12720 | D:8      | Reached skill level 5 in Dodging
 12732 | D:8      | Killed a death yak
 12733 | D:8      | Reached skill level 5 in Conjurations
 12739 | D:8      | Killed a death yak
 12745 | D:8      | Killed a death yak
 12747 | D:8      | Killed a death yak
 12748 | D:8      | Reached skill level 5 in Maces & Flails
 12915 | D:8      | Found a staircase to the Lair.
 12984 | D:8      | Learned a level 5 spell: Manifold Assault
 13285 | D:8      | Found a sparkling altar of Nemelex Xobeh.
 13323 | D:8      | Found a stormy altar of Qazlal.
 13515 | Lair:1   | Entered Level 1 of the Lair of Beasts
 13515 | Lair:1   | Noticed an eight-headed hydra
 13521 | Lair:1   | Killed an eight-headed hydra
 13883 | Lair:1   | Reached skill level 11 in Axes
 13970 | Lair:1   | Reached skill level 5 in Spellcasting
 14469 | Lair:2   | Reached XP level 13. HP: 87/96 MP: 20/20
 14505 | Lair:2   | Found a staircase to the Shoals.
 15134 | Lair:2   | Reached skill level 1 in Translocations
 16162 | Lair:4   | Found a hole to the Spider Nest.
 16171 | Lair:4   | Reached skill level 1 in Throwing
 16226 | Lair:4   | Reached skill level 12 in Axes
 16623 | Lair:4   | Noticed Sonja
 16636 | Lair:4   | Killed Sonja
 18022 | Lair:5   | Found a runed translucent door.
 18022 | Lair:5   | Identified the +1 dire flail "Mialuago" {drain, rElec
                  | Dex+4}
 18055 | Lair:5   | Noticed anet's ghost (journeyman MiBe)
 18229 | Lair:5   | Gained mutation: You regenerate a lot of health from kills.
                  | [demonic ancestry]
 18229 | Lair:5   | Reached XP level 14. HP: 105/105 MP: 22/22
 18444 | Lair:5   | Killed anet's ghost
 18778 | Lair:6   | Entered Level 6 of the Lair of Beasts
 18951 | Lair:6   | Reached skill level 5 in Fire Magic
 18957 | Lair:6   | Found a runed translucent door.
 18957 | Lair:6   | Found a viscous altar of Jiyva.
 18961 | Lair:6   | Found a staircase to the Slime Pits.
 18961 | Lair:6   | Noticed an azure jelly
 19569 | Lair:6   | Learned a level 5 spell: Fireball
 19699 | Lair:6   | HP: 1/106 [death yak (7)]
 19699 | Lair:6   | Killed from afar by a catoblepas

Illustrated notes

Levels and vault maps discovered:
D:1:      amcnicky_arrival_choice, layout_basic, shapermc_ecumenical_altar_venn
D:2:      layout_rooms, serial_shops, shop, uniq_sigmund
D:3:      layout_loops_ring, lemuel_round_altar,
          mainiacjoe_overflow_large_starburst, nicolae_hepliaklqana_hazy_memory,
          zin_scriptorium, chequers_serial_rivers_micro_b, st_stairs_1,
          kennysheep_generic_room_10, uniq_grinder, uniq_jessica, uniq_natasha
D:4:      layout_basic, elyvilon_altar_3, xom_confusion_cloud, uniq_robin,
          uniq_pikel, uniq_duvessa
D:5:      layout_rooms
D:6:      layout_basic, minmay_misc_feat_x, minmay_diced_spiral
D:7:      layout_loops_corners, minmay_temple_entry_glass
D:8:      layout_loops_ring, mainiacjoe_overflow_catch_the_wave,
          dpeg_lair_monsters
D:9:      layout_layer_cave
D:10:     layout_stronghold, minmay_holes
D:11:     layout_basic
D:12:     layout_small_grid, hiddenorc2_lemuel, gauntlet_entry_generic,
          amcnicky_mini_pool_medium
Lair:1:   layout_hall_layers, chequers_serial_rivers_micro_c,
          serial_bayou_crossing
Lair:2:   dreamdust_cave_troll, layout_regular_city, shoals_dummy_entry
Lair:3:   layout_chaotic_city
Lair:4:   layout_regular_city, nicolae_spider_entry_orb_guardian,
          nicolae_lair_liquid_snakes, uniq_sonja
Lair:5:   layout_cave_pods, ebering_ghost_reflecting_pool
Lair:6:   grunt_lair_end_beastmaster, layout_gridlike, slime_entry_2,
          serial_bayou_shore_a

Skill      XL: |  1  2  3  4  5  6  7  8  9 10 11 12 13 14 |
---------------+-------------------------------------------+-----
Axes           | 2 3 4 5 6 7 8 10 11 12 | 12.7
Shields        | 3 4 5 6 |  6.4
Armour         | 3 4 5 6 7 |  7.5
Dodging        | 1 2 3 4 5 6 |  6.4
Invocations    | 1 2 3 4 5 6 7 8 9 |  9.3
Fighting       | 4 5 6 7 8 |  8.5
Spellcasting   | 1 2 3 4 5 6 |  6.0
Evocations     | 1 2 3 4 5 6 |  6.5
Fire Magic     | 1 2 3 4 5 |  5.2
Conjurations   | 3 4 5 6 |  6.8
Maces & Flails | 2 4 5 7 |  7.7
Stealth        | 1 2 |  2.0
Translocations | 2 3 |  3.3
Throwing       | 1 |  1.5

Action                   |  1- 3 |  4- 6 |  7- 9 | 10-12 | 13-15 || total
-------------------------+-------+-------+-------+-------+-------++-------
Melee: War axe           |    75 |   111 |   224 |       |       ||   410
       Headbutt          |     9 |    17 |    56 |    70 |    76 ||   228
       Broad axe         |       |       |    16 |   297 |   297 ||   610
       Morningstar       |       |       |       |     7 |    10 ||    17
Throw: Boomerang         |       |     1 |     9 |     4 |    17 ||    31
       Dart              |       |       |       |     1 |       ||     1
       Javelin           |       |       |       |     1 |       ||     1
 Cast: Foxfire           |       |       |       |    19 |    39 ||    58
Invok: Slouch            |       |       |       |     4 |     1 ||     5
Evoke: Wand              |       |       |       |    10 |       ||    10
  Use: Potion            |     1 |       |     2 |     1 |     2 ||     6
       Scroll            |       |       |    17 |     5 |     6 ||    28
 Stab: Confused          |       |       |     1 |       |       ||     1
       Invisible         |       |       |       |     3 |       ||     3
       Petrified         |       |       |       |       |     8 ||     8
       Petrifying        |       |       |       |       |     1 ||     1
Armor: Scale mail        |    24 |    38 |    23 |       |       ||    85
       Plate armour      |       |       |    73 |   131 |   179 ||   383
Dodge: Dodged            |    30 |    77 |   173 |   180 |   203 ||   663
Block: Buckler           |    18 |    42 |    98 |   118 |   126 ||   402

Table legend: (Time is in decaauts)
 A = Elapsed time spent in this place.
 B = Non-inter-level travel time spent in this place.
 C = Inter-level travel time spent in this place.
 D = Time resting spent in this place.
 E = Time spent auto-exploring this place.
 F = Levels seen in this place.
 G = Mean time per level.
                   A        B        C        D        E       F      G
               +--------+--------+--------+--------+--------+-----+--------+
         Total |  30569 |  29114 |   1455 |   2225 |  22979 |  19 | 1608.9 |
       Dungeon |  19359 |  18421 |    938 |   2090 |  13968 |  12 | 1613.2 |
          Lair |  10344 |   9828 |    516 |      0 |   8571 |   6 | 1724.0 |
      Gauntlet |    865 |    865 |      0 |    135 |    439 |   1 |  865.0 |
               +--------+--------+--------+--------+--------+-----+--------+

Top non-repeatable levels by time:
  Lair:5: 2649 daAuts
     D:9: 2347 daAuts
  Lair:4: 2184 daAuts
     D:8: 2140 daAuts
    D:11: 1889 daAuts
     D:7: 1879 daAuts
     D:1: 1788 daAuts
     D:4: 1728 daAuts
     D:3: 1697 daAuts
  Lair:2: 1620 daAuts
    D:10: 1540 daAuts
  Lair:6: 1419 daAuts
  Lair:1: 1315 daAuts
     D:6: 1270 daAuts
    D:12: 1244 daAuts
